AoeStats
← polom.s1989

Black Forest

509327197Analyzed
4v4 RM · 6d ago on Sep 26, 2026· 43m 41s· 8 players
Game mode
Random Map
Map size
Large (8 player)
Population
200
Speed
Normal
Resources
Standard
Victory
Conquest
Starting age
Dark Age
Ending age
Imperial Age
RankedLock teamsTeams togetherTeam positionsShared explorationLock speedFull tech treeHidden civsTurbo modeCheats
Victory
Defeat
🇩🇪 Vietnamese · Germany
1540
+13
🇦🇺 Danes · Australia
1540
+13
🇨🇿 Gurjaras · Czechia
1489
+15
🇨🇳 Bohemians · China
1469
+17
🇨🇳 Danes · China
1686
-22
🇨🇳 Magyars · China
1608
-19
🇨🇳 Khmer · China
1383
-11
🇨🇳 Bohemians · China
1231
-6
致远Deepgame
5:44 Loom
12:09 Feudal Age
12:46 Double-Bit Axe
15:48 Castle Age
14:10 Double-Bit Axe
14:17 Fishing Lines
14:50 Town Watch
17:56 Bow Saw
20:34 Gillnets
23:57 Wheelbarrow
29:04 Imperial Age
29:06 Scale Mail Armor
29:17 Forging
30:08 Chemistry
29:28 Ballistics
28:46 Pikeman
30:06 Halberdier
30:47 Squires
31:03 Chain Mail Armor
31:24 Iron Casting
31:16 Hand Cart
32:19 Plate Mail Armor
32:59 Two-Man Saw
33:00 Coinage
32:40 Guilds
33:22 Conscription
34:06 Fervor
33:53 Horse Collar
35:53 Houfnice
36:40 Wagenburg Tactics
37:42 Banking
39:20 Elite Hussite Wagon
41:18 Blast Furnace
Nexuz
0:46 Loom
11:44 Feudal Age
15:25 Castle Age
14:27 Double-Bit Axe
16:05 Wheelbarrow
19:41 Bow Saw
20:24 Fishing Lines
22:21 Town Watch
23:33 Gillnets
24:12 Fletching
24:52 Horse Collar
26:40 Bodkin Arrow
30:53 Imperial Age
28:36 Padded Archer Armor
28:58 Ballistics
29:40 Gold Mining
30:44 Chatras
31:28 Scale Barding Armor
32:34 Chemistry
31:04 Elite Rattan Archer
32:37 Bracer
33:06 Chain Barding Armor
33:11 Heavy Plow
33:43 Bloodlines
33:33 Husbandry
35:11 Stone Mining
36:09 Plate Barding Armor
35:46 Forging
37:12 Paper Money
38:01 Crop Rotation
37:48 Hand Cart
37:18 Elite Battle Elephant
37:26 Elite Battle Elephant
38:46 Iron Casting
38:27 Leather Archer Armor
37:59 Treadmill Crane
41:00 Ring Archer Armor
42:36 Guilds
43:58 Two-Man Saw
polom.s1989
0:27 Loom
18:43 Feudal Age
20:31 Fletching
21:47 Gold Mining
21:49 Stone Mining
23:58 Double-Bit Axe
29:54 Castle Age
31:45 Wheelbarrow
31:38 Bow Saw
31:16 Horse Collar
32:15 Fishing Lines
37:07 Heavy Plow
37:32 Gillnets
38:17 Hand Cart
39:03 Thumb Ring
42:54 Imperial Age
39:50 Elite Skirmisher
40:40 Bodkin Arrow
40:47 Padded Archer Armor
42:49 Kshatriyas
44:17 Ballistics
Mau5
9:20 Loom
11:41 Feudal Age
15:48 Castle Age
14:21 Double-Bit Axe
14:18 Horse Collar
17:43 Bow Saw
20:56 Fishing Lines
23:24 Gillnets
25:43 Heavy Plow
26:22 Gold Mining
26:26 Stone Mining
29:28 Imperial Age
27:10 Scale Mail Armor
27:12 Town Watch
28:21 Chain Mail Armor
28:29 Forging
28:55 Squires
28:40 Arson
29:34 Wheelbarrow
29:00 Town Patrol
29:29 Onager
30:41 Plate Mail Armor
30:46 Iron Casting
30:27 Siege Engineers
30:46 Elite Jomsviking
30:47 Northmen's Fury
31:48 Conscription
32:05 Iron Casting
32:22 Siege Onager
33:38 Fletching
34:49 Blast Furnace
36:09 Chemistry
38:47 Coinage
爱炸房的鳄鱼
7:57 Loom
11:31 Feudal Age
12:23 Double-Bit Axe
15:45 Castle Age
13:44 Horse Collar
21:23 Wheelbarrow
23:13 Bow Saw
24:36 Gold Mining
26:09 Gold Shaft Mining
27:14 Hand Cart
27:28 Stone Mining
28:01 Ballistics
30:45 Imperial Age
28:17 Heavy Plow
28:20 Fletching
28:36 Stone Mining
29:02 Thumb Ring
29:39 Bodkin Arrow
29:54 Padded Archer Armor
30:51 Heavy Cavalry Archer
31:32 Bracer
31:48 Leather Archer Armor
32:49 Chemistry
32:27 Conscription
33:07 Recurve Bow
33:24 Bloodlines
33:14 Husbandry
32:40 Crossbowman
34:07 Parthian Tactics
35:29 Elite Magyar Huszar
36:38 Corvinian Army
37:05 Scale Barding Armor
37:01 Light Cavalry
38:31 Chain Barding Armor
38:42 Ring Archer Armor
38:51 Ring Archer Armor
37:46 Arbalester
40:15 Plate Barding Armor
41:45 Coinage
Rogue Knight
11:14 Feudal Age
11:45 Double-Bit Axe
18:09 Castle Age
17:43 Horse Collar
19:48 Wheelbarrow
21:21 Bow Saw
22:41 Heavy Plow
25:26 Wheelbarrow
26:01 Gold Mining
26:46 Hand Cart
27:53 Gold Shaft Mining
31:23 Imperial Age
31:01 Ballistics
31:40 Heavy Scorpion
33:23 Chemistry
32:29 Siege Engineers
32:26 Double Crossbow
32:47 Conscription
32:43 Onager
35:11 Husbandry
35:22 Bloodlines
34:32 Light Cavalry
36:17 Hussar
37:09 Forging
37:06 Scale Barding Armor
39:03 Iron Casting
爱睡觉的鳄鱼
0:46 Loom
13:13 Feudal Age
14:07 Double-Bit Axe
14:44 Horse Collar
20:13 Wheelbarrow
19:51 Fletching
24:58 Castle Age
23:21 Stone Mining
24:19 Gold Mining
26:12 Scale Mail Armor
27:36 Bow Saw
27:28 Heavy Plow
27:46 Squires
32:17 Hand Cart
36:31 Stone Shaft Mining
39:49 Imperial Age
37:06 Town Watch
37:43 Arson
39:32 Chain Mail Armor
39:28 Forging
39:21 Hamask
40:49 Iron Casting
39:57 Elite Varangian Guard
41:08 Plate Mail Armor
41:05 Conscription
42:29 Capped Ram
45:05 Blast Furnace
露娜sama
12:15 Feudal Age
12:59 Double-Bit Axe
17:08 Castle Age
15:03 Horse Collar
23:10 Wheelbarrow
22:21 Loom
22:23 Town Watch
24:00 Chemistry
23:16 Bow Saw
25:49 Fortified Wall
28:46 Heavy Plow
34:28 Fletching
37:28 Imperial Age
35:10 Bodkin Arrow
37:19 Hand Cart
37:07 Town Patrol
41:33 Imperial Age
38:35 Pikeman
39:17 Squires
Connection lost

Rejoining the realm…

Still unreachable

The connection could not be restored.

Session expired

The server has moved on; the page needs a fresh start.